 Dungeon Crawl Stone Soup version 0.22.0 (webtiles) character file.

317 Blackhawk the Skirmisher (level 6, -4/53 HPs)
             Began as a Ghoul Fighter on Oct 21, 2018.
             Slain by an ogre
             ... wielding a +0 giant spiked club
              (16 damage)
             ... on level 4 of the Dungeon.
             The game lasted 00:06:04 (2733 turns).

Blackhawk the Skirmisher (Ghoul Fighter)            Turns: 2733, Time: 00:06:05

Health: -4/53      AC:  9    Str: 22    XL:     6   Next: 44%
Magic:  5/5        EV:  7    Int:  3    God:
Gold:   148        SH:  9    Dex:  8    Spells: 5/5 levels left

rFire    . . .     SeeInvis .   a - +0 war axe
rCold    + . .     Gourm    .   c - +0 shield
rNeg     + + +     Faith    .   b - +0 scale mail
rPois    ∞         Spirit   .   y - +0 helmet
rElec    .         Reflect  .   (no cloak)
rCorr    .         Harm     .   (no gloves)
MR       .....                  r - +0 pair of boots
Stlth    ..........             (no amulet)
HPRegen  0.00/turn              (no ring)
MPRegen  0.09/turn              (no ring)

@: rotting
A: rotting body, claws 1, carnivore, cold resistance 1, negative energy
resistance 3, inhibited regeneration, torment resistance, unbreathing
a: no special abilities


You were on level 4 of the Dungeon.
You were not hungry.

You visited 1 branch of the dungeon, and saw 4 of its levels.

You collected 148 gold pieces.

Inventory:

Hand Weapons
 a - a +0 war axe (weapon)
Missiles
 k - 114 stones (quivered)
 p - 32 sling bullets
Armour
 b - a +0 scale mail (worn)
 c - a +0 shield (worn)
 r - a +0 pair of boots (worn)
 y - a +0 helmet (worn)
Jewellery
 q - an uncursed amulet of the acrobat {unknown}
 s - an uncursed ring of ice {unknown}
 t - an uncursed amulet of guardian spirit {unknown}
Scrolls
 e - 3 scrolls of fog {unknown}
 g - 4 scrolls of identify {unknown}
 h - 2 scrolls of immolation {unknown}
 n - 5 scrolls of teleportation {unknown}
 v - 3 scrolls of random uselessness {unknown}
 w - a scroll of amnesia {unknown}
Potions
 d - 2 potions of might
 i - a potion of brilliance {unknown}
 j - a potion of flight {unknown}
 l - a potion of haste {unknown}
 m - a potion of resistance {unknown}
 o - 5 potions of heal wounds {unknown}
 x - a potion of agility {unknown}
Comestibles
 f - 9 rations
 u - 2 chunks of flesh


   Skills:
 + Level 4.7 Fighting
 + Level 3.3 Axes
 + Level 3.9 Armour
 + Level 3.9 Shields


You had 5 spell levels left.
You didn't know any spells.
Your spell library was empty.

Dungeon Overview and Level Annotations

Branches:
Dungeon (4/15)
 Temple: D:4-7

Altars:
Cheibriados
Sif Muna
Uskayaw
Vehumet

Shops:
D:4 !:!=


Innate Abilities, Weirdness & Mutations

Your body is rotting away.
You thrive on raw meat.
You are immune to poison.
You have sharp fingernails.
You are carnivorous and can eat meat at any time.
Your flesh is cold resistant. (rC+)
You are immune to negative energy. (rN+++)
You do not regenerate when monsters are visible.
You are immune to unholy pain and torment.
You can survive without breathing.


Message History

You are too injured to fight recklessly!
You are too injured to fight recklessly!
You are too injured to fight recklessly!
You are too injured to fight recklessly!
You are too injured to fight recklessly!
You are too injured to fight recklessly!
You are too injured to fight recklessly!
You are too injured to fight recklessly!
You are too injured to fight recklessly!
You are too injured to fight recklessly!
You are too injured to fight recklessly!
You are too injured to fight recklessly!
You slash the ogre!
The ogre is heavily wounded.
The ogre hits you with a giant spiked club.
* * * LOW HITPOINT WARNING * * *
You hit the ogre.
The ogre is heavily wounded.
The ogre hits you with a giant spiked club!
You die...

.... ########### #.> .....
#...#.....# #.. .....
#...#.....# #..
......#...#.....# ###
......##'##....∩# #..
#..........# #.. #..........#
#.# #.^........# #..
#..@.....<.# #.. #..O.......#
#.. .......####..# #..
.........#.....#######..
.........#....#.........
..............#....'.........
..............#....#.......##
.............#....#.<.....#
#...>.......####'#.......#


You could see an ogre.

Vanquished Creatures
  An orc priest (D:2)
  2 orc wizards (D:3)
  Natasha (thrice) (D:3)
  6 adders
  2 worms (D:2)
  5 dart slugs
  2 leopard geckos (D:2)
  10 orcs
  4 giant cockroaches
  13 goblins
  6 hobgoblins
  A quokka (D:4)
  A ball python (D:2)
  8 bats
  5 frilled lizards
  7 kobolds
  7 rats
83 creatures vanquished.

Notes
Turn   | Place    | Note
-------+----------+-------------------------------------------
     0 | D:1      | Blackhawk the Ghoul Fighter began the quest for the Orb.
     0 | D:1      | Reached XP level 1. HP: 19/19 MP: 0/0
    61 | D:1      | Reached XP level 2. HP: 26/26 MP: 1/1
   398 | D:1      | Found a snail-covered altar of Cheibriados.
   556 | D:2      | Reached XP level 3. HP: 31/31 MP: 2/2
   714 | D:2      | Found a snail-covered altar of Cheibriados.
   755 | D:2      | Reached XP level 4. HP: 34/40 MP: 3/3
  1118 | D:2      | Reached skill level 4 in Fighting
  1155 | D:3      | Noticed Natasha
  1170 | D:2      | Reached XP level 5. HP: 21/46 MP: 4/4
  1292 | D:3      | Killed Natasha
  1510 | D:3      | Found a radiant altar of Vehumet.
  1511 | D:3      | Noticed Natasha
  1526 | D:3      | Killed Natasha
  1527 | D:3      | Found a hide-covered altar of Uskayaw.
  1527 | D:3      | Found a deep blue altar of Sif Muna.
  1750 | D:3      | Noticed Natasha
  1757 | D:3      | Killed Natasha
  1757 | D:3      | Reached XP level 6. HP: 39/53 MP: 5/5
  2354 | D:4      | Found Sikh's Jewellery Shop.
  2469 | D:4      | Found Gedifan's Distillery.
  2666 | D:4      | Found Peih's Distillery.
  2705 | D:4      | Found Gefaawon's Book Emporium.
  2733 | D:4      | Slain by an ogre

Skill      XL: |  1  2  3  4  5 |
---------------+----------------+-----
Axes           | 2 3 |  3.3
Armour         | 3 |  3.9
Shields        | 3 |  3.9
Fighting       | 4 |  4.7

Action                   |  1- 3 |  4- 6 || total
-------------------------+-------+-------++-------
Melee: War axe           |    81 |   201 ||   282
  Eat: Chunk             |     3 |     9 ||    12
Armor: Scale mail        |    39 |    99 ||   138
Dodge: Dodged            |    18 |    52 ||    70
Block: Shield            |    50 |    94 ||   144
